 Dungeon Crawl Stone Soup version 0.26.1-11-gd32895ea62 (webtiles) character file.

Game seed: 2478276640303241300

951 Groucho the Sneak (level 7, -2/27 HPs)
             Began as a Felid Venom Mage on July 6, 2021.
             Was an Initiate of Sif Muna.
             Slain by a bullfrog (5 damage)
             ... on level 6 of the Dungeon.
             The game lasted 00:22:43 (16937 turns).

Groucho the Sneak (Felid Venom Mage)               Turns: 16937, Time: 00:22:43

Health: -2/27      AC:  2    Str:  8    XL:     7   Next: 90%
Magic:  8/13       EV: 22    Int: 16    God:    Sif Muna [......]
Gold:   193        SH:  0    Dex: 17    Spells: 7/13 levels left
                                        Lives:  0   Deaths: 2

rFire    . . .     SeeInvis +     - Unarmed
rCold    . . .     Faith    .   (shield unavailable)
rNeg     . . .     Spirit   .   (armour unavailable)
rPois    .         Reflect  .   (helmet unavailable)
rElec    .         Harm     .   (cloak unavailable)
rCorr    .         Rampage  .   (gloves unavailable)
Will     +....     Rnd*Rage +   (boots unavailable)
Stlth    ++++......             (no amulet)
HPRegen  0.09/turn              (no ring)
MPRegen  0.13/turn              (no ring)

@: quick
A: very small, no armour, no weapons or thrown items, stealth, claws 1, fangs 3,
see invisible, berserk 1, speed 1, shaggy fur 2, strong 1, wild magic 1, sharp
paws
a: Renounce Religion


You were on level 6 of the Dungeon.
You worshipped Sif Muna.
Sif Muna was noncommittal.
You visited 2 branches of the dungeon, and saw 7 of its levels.

You collected 238 gold pieces.
You spent 45 gold pieces at shops.

Inventory:

Jewellery
 c - the amulet "Suloc" {Inacc rF+ Str+3, unknown}
   (You found it on level 6 of the Dungeon)

   [amulet of inaccuracy]

   It reduces the accuracy of all your attacks.
   It affects your strength (+3).
   It protects you from fire.
 g - an uncursed ring of fire {unknown}
 i - a cursed amulet of inaccuracy {unknown}
 o - an uncursed ring of poison resistance
Wands
 a - a wand of iceblast (5)
 l - a wand of random effects (27)
 m - a wand of enslavement (4)
 u - a wand of polymorph (7)
Scrolls
 d - 3 scrolls of teleportation
 e - 2 scrolls of blinking {unknown}
 f - 4 scrolls of identify {unknown}
 h - 2 scrolls of noise {unknown}
 j - 3 scrolls of enchant weapon {unknown}
 k - 2 scrolls of amnesia {unknown}
 n - 2 scrolls of remove curse {unknown}
 p - 3 scrolls of magic mapping {unknown}
 q - a scroll of fear {unknown}
 s - a scroll of fog {unknown}
Potions
 b - a potion of flight


   Skills:
 * Level 7.0 Dodging
 * Level 7.6 Stealth
 * Level 4.2 Unarmed Combat
 + Level 3.9 Spellcasting
 + Level 4.1 Transmutations
 + Level 2.6 Air Magic
 + Level 4.4 Poison Magic


You had 7 spell levels left.
You knew the following spells:

 Your Spells              Type           Power        Failure   Level
a - Sting                 Tmut/Pois      88%          5%          1
b - Poisonous Vapours     Pois/Air       36%          10%         2
c - Mephitic Cloud        Conj/Pois/Air  13%          26%         3

Your spell library contained the following spells:

 Spells                   Type           Power        Failure   Level
 Ignite Poison            Fire/Tmut/Pois 16%          22%         3
 Olgreb's Toxic Radiance  Pois           22%          34%         4
 Bolt of Magma            Conj/Fire/Erth 2%           99%         5
 Iskenderun's Battlesphe  Conj           4%           99%         5
 Iron Shot                Conj/Erth      2%           100%        6
 Orb of Destruction       Conj           2%           100%        7
 Spellforged Servitor     Conj/Summ      2%           100%        7


Dungeon Overview and Level Annotations

Branches:
Dungeon (7/15)             Temple (1/1) D:6

Altars:
Ashenzari
Cheibriados
Dithmenos
Elyvilon
Fedhas
Hepliaklqana
Kikubaaqudgha
Makhleb
Nemelex Xobeh
Qazlal
Ru
Sif Muna
Trog
Uskayaw
Vehumet
Wu Jian
Xom
Yredelemnul
Zin
The Shining One

Shops:
D:6 *   D:7 :}


Innate Abilities, Weirdness & Mutations

You cannot wear armour.
You are incapable of wielding weapons or throwing items.
Your paws allow you to move quietly. (Stealth)
You have sharp claws.
You have razor-sharp teeth.
You have supernaturally acute eyesight. (SInv)
You cover ground quickly.
You are covered in thick fur. (AC +2)
Your sharp claws are effective at attacking unaware monsters.
You tend to lose your temper in combat.
Your muscles are strong. (Str +2)
Your spells are a little harder to cast, but a little more powerful.


Message History

Aim: a bullfrog (moderately wounded, very poisoned, 30% to evade)
The sting misses the bullfrog.
The white imp completely misses you. The bullfrog closely misses you.
Casting: Sting (safe; 5% risk of failure)
Confirm with . or Enter, or press ? or * to list all spells.
Aiming: Sting (safe; 5% risk of failure)
Press: ? - help, Shift-Dir - straight line, f - white imp, p - bullfrog
Aim: a white imp (24% to evade)
The sting misses the white imp.
The bullfrog hits you!
* * * LOW HITPOINT WARNING * * *
The white imp summons a swarm of flies.
The white imp hits you but does no damage.
The bullfrog completely misses you.
Unknown command.
Okay, then.
The white imp gestures at you. The puff of frost misses you.
There is an open door here.
The bullfrog hits you.
You die...

#........................)......
#..........................###'#
#............####.....####.# #.#
#............#..##...##..#.# #..
###########..#...##.##...#.#####
#..##...#.#...##.#....
#...##.'#.#'.##..#.###
#....###...###...#.###
#....@F..8.........##.
##...###5..###.....##.
#..##.'#.#'.##..#.##.
#.##..5#.#...##.#....
#.#...##.##...#.#....
#.#[.##...##..#.#....
#.####.....####.#....
#...............#...[
########.########....


You could see a bullfrog (very poisoned) and a white imp.

Vanquished Creatures
  Eustachio (D:6)
  Menkaure (D:6)
  4 sky beasts
  An orc warrior (D:6)
  An ice beast (D:6)
  A phantom (D:6)
  An ogre (D:3)
  A water moccasin zombie (D:7)
  2 scorpions (D:6)
  A wight (D:7)
  A jelly (D:4)
  2 hounds (D:6)
  3 orc priests
  An iguana (D:6)
  2 orc wizards
  4 worker ants
  7 adders
  2 shadow imps (D:7)
  An ufetubus (D:6)
  2 worms (D:3)
  5 leopard geckos
  10 orcs
  4 bats
  4 giant cockroaches
  11 hobgoblins
  13 jackals (D:1)
  3 quokkas
  2 ball pythons
  4 frilled lizards
  4 goblins
  A jackal zombie (D:6)
  4 kobolds
  6 rats
110 creatures vanquished.

Notes
Turn   | Place    | Note
-------+----------+-------------------------------------------
     0 | D:1      | Groucho the Felid Venom Mage began the quest for the Orb.
     0 | D:1      | Reached XP level 1. HP: 7/7 MP: 4/4
   589 | D:1      | Reached XP level 2. HP: 11/11 MP: 3/6
  2001 | D:1      | Reached XP level 3. HP: 7/14 MP: 4/7
  3789 | D:2      | Learned a level 2 spell: Poisonous Vapours
  4395 | D:3      | Found a hide-covered altar of Uskayaw.
  4820 | D:3      | Reached XP level 4. HP: 18/18 MP: 2/8
  7592 | D:3      | Reached XP level 5. HP: 21/21 MP: 3/10
  8542 | D:4      | Noticed an ogre
  8567 | D:3      | Killed an ogre
  8568 | D:3      | Reached skill level 1 in Unarmed Combat
  9249 | D:4      | Reached skill level 1 in Air Magic
  9249 | D:4      | Gained mutation: You are covered in thick fur. (AC +2)
                  | [Felid growth]
  9249 | D:4      | Reached XP level 6. HP: 22/24 MP: 9/11
  9501 | D:4      | You fall into a shaft and drop 2 floors!
  9501 | D:6      | Found Pofaovox's General Store.
  9502 | D:6      | Noticed a sky beast
  9504 | D:6      | Noticed an ice beast
  9507 | D:6      | Noticed an orc warrior
  9508 | D:6      | Noticed a sky beast
  9509 | D:6      | Noticed Eustachio
  9520 | D:7      | HP: 1/24 [sky beast (5)]
  9522 | D:7      | Gained mutation: You tend to lose your temper in combat.
                  | [potion of mutation]
  9522 | D:7      | Gained mutation: Your muscles are strong. (Str +2) [potion
                  | of mutation]
  9522 | D:7      | Gained mutation: Your spells are a little harder to cast,
                  | but a little more powerful. [potion of mutation]
  9526 | D:7      | Killed a sky beast
  9527 | D:7      | Reached skill level 5 in Stealth
  9944 | D:7      | Found a shadowy altar of Dithmenos.
 10108 | D:7      | Found an ancient bone altar of Kikubaaqudgha.
 10611 | D:7      | Noticed an orc warrior
 10654 | D:6      | Got a sparkling silver amulet
 10674 | D:6      | Reached skill level 5 in Dodging
 10773 | D:6      | Killed Eustachio
 10774 | D:6      | Reached XP level 7. HP: 16/27 MP: 0/12
 11329 | D:6      | Bought a scroll of teleportation for 45 gold pieces
 12666 | D:7      | Killed from afar by an orc priest
 12667 | D:7      | Reached XP level 6. HP: -6/24 MP: 5/12
 12673 | D:7      | Reached XP level 7. HP: 27/27 MP: 13/13
 13114 | D:7      | Found Hoihyelo's Book Shoppe.
 13223 | D:7      | HP: 1/26 [wight/+5 short sword of freezing (1)]
 13223 | D:7      | Slain by a wight
 13224 | D:7      | Reached XP level 6. HP: -3/23 MP: 11/12
 13229 | D:7      | Found Lovukk's Gadget Shoppe.
 13337 | D:6      | Killed an ice beast
 13900 | D:6      | Reached XP level 7. HP: 21/27 MP: 13/13
 14481 | D:6      | Noticed Menkaure
 14494 | D:6      | HP: 2/40 [Menkaure (1)]
 14497 | D:6      | Killed Menkaure
 15190 | D:6      | Found a staircase to the Ecumenical Temple.
 15197 | Temple   | Entered the Ecumenical Temple
 15390 | Temple   | Became a worshipper of Sif Muna the Loreminder
 15444 | D:6      | Learned a level 3 spell: Mephitic Cloud
 16035 | D:6      | Found a blossoming altar of Fedhas.
 16937 | D:6      | Slain by a bullfrog

Illustrated notes

Levels and vault maps discovered:
D:1:      dpeg_arrival_long_road, layout_loops_corners, moated_statue
D:2:      layout_rooms
D:3:      layout_rooms, lemuel_crystal_altar, minmay_misc_feat_alley,
          grunt_decor_arrowhead
D:4:      layout_cave_pods, nicolae_gozag_cash_rules_everything_around_me
D:6:      cheibrodos_barr_body, layout_basic, fedhas_altar_3,
          minmay_temple_entry_junction_2, serial_shops, shop, uniq_menkaure,
          uniq_eustachio
D:7:      layout_loops_corners, nicolae_overflow_hidden_temple, serial_shops,
          kennysheep_mini_moat, nicolae_shop_trees, minmay_joined_circles
Temple:   eino_temple_scatter_basement

Skill      XL: |  1  2  3  4  5  6  7 |
---------------+----------------------+-----
Stealth        | 3 4 5 7 |  7.6
Dodging        | 3 4 5 7 |  7.0
Poison Magic   | 3 4 |  4.4
Transmutations | 2 3 4 |  4.1
Unarmed Combat | 1 2 4 |  4.2
Air Magic      | 1 2 |  2.6
Spellcasting   | 3 |  3.9

Action                   |  1- 3 |  4- 6 |  7- 9 || total
-------------------------+-------+-------+-------++-------
Melee: Unarmed           |    66 |    66 |    40 ||   172
       Bite              |     5 |     4 |     5 ||    14
       Punch             |       |     1 |     1 ||     2
 Cast: Sting             |    51 |    37 |    17 ||   105
       Poisonous Vapours |     8 |    43 |    36 ||    87
Evoke: Wand              |       |     2 |       ||     2
  Use: Potion            |     1 |     4 |     3 ||     8
 Stab: Sleeping          |     8 |    10 |     5 ||    23
Armor: Skin              |     6 |     5 |     3 ||    14
Dodge: Dodged            |    96 |    96 |    54 ||   246
